 Dungeon Crawl Stone Soup version 0.23-a0-78-gc252fe1 (webtiles) character file.

823 inmateoo the Skirmisher (level 7, -2/46 HPs)
             Began as a Gargoyle Fighter on Aug 11, 2018.
             Slain by Prince Ribbit (11 damage)
             ... on level 4 of the Dungeon.
             The game lasted 00:03:54 (3607 turns).

inmateoo the Skirmisher (Gargoyle Fighter)          Turns: 3607, Time: 00:03:55

Health: -2/46      AC: 11    Str: 21    XL:     7   Next: 96%
Magic:  7/7        EV:  7    Int:  9    God:
Gold:   111        SH:  9    Dex:  9    Spells: 6/6 levels left

rFire    . . .     SeeInvis .   q - +9 spear of Siefom {pierce, rN+}
rCold    . . .     Gourm    .   c - +0 shield
rNeg     + + .     Faith    .   b - +0 scale mail
rPois    ∞         Spirit   .   (no helmet)
rElec    +         Reflect  .   (no cloak)
rCorr    .         Harm     .   (no gloves)
MR       .....                  (no boots)
Stlth    ..........             (no amulet)
HPRegen  0.15/turn              (no ring)
MPRegen  0.10/turn              (no ring)

@: no status effects
A: negative energy resistance 1, electricity resistance, unbreathing,
petrification resistance, rot immunity, AC +4
a: no special abilities


You were on level 4 of the Dungeon.
You were not hungry.

You visited 1 branch of the dungeon, and saw 5 of its levels.

You collected 234 gold pieces.
You spent 123 gold pieces at shops.

Inventory:

Hand Weapons
 a - a +1 flail
 q - the +9 spear of Siefom (weapon) {pierce, rN+}
   (You found it on level 4 of the Dungeon)

   It inflicts extra damage upon your enemies.
   It protects you from negative energy.
Armour
 b - a +0 scale mail (worn)
 c - a +0 shield (worn)
Scrolls
 g - 4 scrolls of identify
 h - a scroll of remove curse
 s - a scroll of teleportation
 t - a scroll of magic mapping
 u - a scroll of fog
Potions
 d - a potion of might
 i - 2 potions of flight
 k - 3 potions of lignification
 l - a potion of agility
 n - a potion of brilliance
 r - a potion of heal wounds
Comestibles
 f - 7 rations


   Skills:
 - Level 6.1 Fighting
 - Level 3.9 Maces & Flails
 * Level 4.9 Polearms
 - Level 4.0 Armour
 - Level 4.0 Shields


You had 6 spell levels left.
You didn't know any spells.
Your spell library contained the following spells:

 Spells                   Type           Power        Failure   Level  Hunger
 Magic Dart               Conj           #...         99%         1    ##.....
 Conjure Flame            Conj/Fire      #.......     100%        3    ####...
 Slow                     Hex            #.......     100%        2    ###....
 Mephitic Cloud           Conj/Pois/Air  #.......     100%        3    ####...
 Blink                    Tloc           N/A          100%        2    ###....
 Call Imp                 Summ           #.......     100%        2    ###....


Dungeon Overview and Level Annotations

Branches:
Dungeon (5/15)             Temple (0/1) D:5

Altars:
Makhleb

Shops:
D:4 *

Annotations:
D:4 3 runed doors, Mgcat's ghost, amateur MfAs; Prince Ribbit


Innate Abilities, Weirdness & Mutations

You are resistant to torment.
Your stone body is resilient. (AC +4)
You are immune to poison.
You resist negative energy. (rN+)
You are resistant to electric shocks. (rElec)
You can survive without breathing.
You are immune to petrification.
You are immune to rotting.


Message History

Prince Ribbit hits you.
The centaur shoots an arrow.
You block the arrow. Prince Ribbit hits you!
* * * LOW HITPOINT WARNING * * *
You climb upwards.
Level annotation: 3 runed doors, Mgcat's ghost, amateur MfAs
There is a stone staircase leading down here.
Unknown command.
Unknown command.
Unknown command.
You puncture Prince Ribbit!
Prince Ribbit is moderately wounded.
Prince Ribbit hits you.
* * * LOW HITPOINT WARNING * * *
You miss Prince Ribbit.
Prince Ribbit is moderately wounded.
Prince Ribbit hits you but does no damage.
You puncture Prince Ribbit!
Prince Ribbit is severely wounded.
Prince Ribbit hits you!
You die...

#...≈###≈##...###.# #..#
..#..'∩'....#####.### ####..#
####≈###≈.### #....# #.....# #
#≈≈≈≈≈.# #....#######.##.##
####..###.######....##......##)#
.##..## #.##........##.######..#
.##.## #..#.###....##.# #.##
.##.# ##.#.# #######.# ###)#
....#### #...# #@F.....# #.))#
.......# #..####†)..#######)###
.#####.###.........## ##...#
........##..####.[.# #..###
#####.#.....####...#####.##
#####...........#####....#
.............##...###.####
.########..#.####..##.# ##
#...[....#.##.# ########


You could see Prince Ribbit.

Vanquished Creatures
  A water moccasin (D:4)
  An ice beast (D:4)
  A centaur (D:4)
  2 scorpions (D:4)
  A howler monkey (D:4)
  3 hounds
  A gnoll shaman (D:4)
  An orc priest (D:3)
  A jelly (D:3)
  An iguana (D:4)
  An orc wizard (D:4)
  A worker ant (D:4)
  3 adders
  5 gnolls (D:4)
  A shadow imp (D:5)
  An ooze (D:1)
  3 worms
  3 dart slugs
  4 leopard geckos
  2 orcs (D:4)
  4 giant cockroaches
  5 goblins
  3 hobgoblins
  2 quokkas
  A ball python (D:1)
  9 bats
  3 frilled lizards
  8 kobolds (D:1)
  2 leopard gecko skeletons
  6 rats
80 creatures vanquished.

Notes
Turn   | Place    | Note
-------+----------+-------------------------------------------
     0 | D:1      | inmateoo the Gargoyle Fighter began the quest for the Orb.
     0 | D:1      | Reached XP level 1. HP: 14/14 MP: 1/1
   236 | D:1      | Reached XP level 2. HP: 13/19 MP: 2/2
   556 | D:1      | Reached XP level 3. HP: 23/23 MP: 3/3
  1595 | D:2      | Reached XP level 4. HP: 27/29 MP: 4/4
  1675 | D:4      | HP: 1/29 [something/puff of flame (8)]
  1687 | D:3      | HP: 1/29 [bat (1)]
  2073 | D:3      | Reached skill level 4 in Fighting
  2083 | D:3      | Reached XP level 5. HP: 18/33 MP: 5/5
  2470 | D:4      | Got a bloodstained spear
  2471 | D:4      | Identified the +9 spear of Siefom {pierce, rN+} (You found it on level 4 of the Dungeon)
  2522 | D:4      | Reached skill level 1 in Polearms
  2528 | D:4      | Reached XP level 6. HP: 28/39 MP: 6/6
  2643 | D:4      | Found a burning altar of Makhleb.
  2710 | D:4      | Found Pumeirom's General Store.
  2713 | D:4      | Bought a scroll of magic mapping for 45 gold pieces
  2713 | D:4      | Bought a potion of lignification for 39 gold pieces
  2713 | D:4      | Bought a scroll of fog for 26 gold pieces
  2713 | D:4      | Bought a scroll of random uselessness for 13 gold pieces
  2749 | D:4      | Reached skill level 5 in Fighting
  2779 | D:4      | Noticed an ice beast
  2787 | D:4      | Killed an ice beast
  2787 | D:4      | Reached XP level 7. HP: 24/44 MP: 7/7
  2852 | D:4      | Found a runed gate.
  2853 | D:4      | Found a runed gate.
  2853 | D:4      | Found a runed gate.
  2855 | D:4      | Noticed Mgcat's ghost (amateur MfAs)
  3192 | D:5      | Entered Level 5 of the Dungeon
  3206 | D:5      | Found a staircase to the Ecumenical Temple.
  3223 | D:5      | Noticed Prince Ribbit
  3581 | D:4      | Reached skill level 6 in Fighting
  3607 | D:4      | Slain by Prince Ribbit

Vault maps used:
D:1:      lightli_arrival_noodles
D:2:      serial_curves, eino_curves_02, eino_curves_02
D:4:      makhleb_heckhound_becter, first_ration, serial_shops,
          kennysheep_mini_moat, ebering_ghost_rock_garden
D:5:      minmay_temple_entry_water_ring, serial_shops, shop,
          corexii_hall_statues_l, uniq_prince_ribbit1

Skill      XL: |  1  2  3  4  5  6  7 |
---------------+----------------------+-----
Maces & Flails | 3 |  3.9
Fighting       | 4 5 6 |  6.1
Armour         | 4 |  4.0
Shields        | 4 |  4.0
Polearms       | 1 3 4 |  4.9

Action                   |  1- 3 |  4- 6 |  7- 9 || total
-------------------------+-------+-------+-------++-------
Melee: Flail             |   148 |   115 |       ||   263
       Spear             |       |    36 |    52 ||    88
  Use: Scroll            |       |       |    11 ||    11
  Eat: Chunk             |     2 |     5 |       ||     7
       Ration            |       |       |     1 ||     1
Armor: Scale mail        |    83 |   104 |    29 ||   216
Dodge: Dodged            |    44 |    50 |    17 ||   111
Block: Shield            |    76 |    78 |    35 ||   189

Table legend:
 A = Non-vault XP
 B = Vault XP
 C = Vault XP percentage of total XP
 D = Non-vault monster count
 E = Vault monster count
 F = Vault count percentage of total count
 G = Total turns spent on level
                 A         B        C        D         E       F
            +---------+---------+-------+---------+---------+-------
      Total |    1134 |      42 |   3.6 |      79 |       1 |   1.2
            +---------+---------+-------+---------+---------+-------
        D:1 |      45 |       0 |   0.0 |      26 |       0 |   0.0
        D:2 |      38 |       0 |   0.0 |      13 |       0 |   0.0
        D:3 |     122 |       0 |   0.0 |      14 |       0 |   0.0
        D:4 |     875 |      42 |   4.6 |      23 |       1 |   4.2
        D:5 |      54 |       0 |   0.0 |       3 |       0 |   0.0
            +---------+---------+-------+---------+---------+-------
